 Dungeon Crawl Stone Soup version 0.28-a0-533-g9f97627e2a (webtiles) character file.

Game seed: 14241770560573385469

2468 Rennog the Fighter (level 9, -8/85 HPs)
             Began as a Ghoul Fighter on Sept 26, 2021.
             Was a Priest of Makhleb.
             Killed by divine providence
             ... invoked by an orc priest
              (13 damage)
             ... on level 7 of the Dungeon.
             The game lasted 00:09:45 (7665 turns).

Rennog the Fighter (Ghoul Fighter)                  Turns: 7665, Time: 00:09:47

Health: -8/85      AC: 14    Str: 20      XL:     9   Next: 51%
Magic:  0/8        EV:  6    Int:  4 (5)  God:    Makhleb [***...]
Gold:   289        SH:  4    Dex:  8 (9)  Spells: 8/8 levels left

rFire   . . .      SeeInvis .     - Unarmed
rCold   + + .      Faith    .   b - +0 buckler
rNeg    + + +      Spirit   +   u - +0 plate armour
rPois   ∞          Reflect  .   (no helmet)
rElec   .          Harm     .   A - +0 cloak {rPois}
rCorr   +          Rampage  .   (no gloves)
Will    .....                   (no boots)
Stlth   ..........              h - amulet of guardian spirit
HPRegen 0.00/turn               p - ring of protection from cold
MPRegen 0.11/turn               m - ring of resist corrosion

@: inhibited regen, studying Poison Magic
A: claws 1, cold resistance 1, negative energy resistance 3, inhibited
regeneration, torment resistance 2
a: Renounce Religion, Minor Destruction, Lesser Servant of Makhleb


You were on level 7 of the Dungeon.
You worshipped Makhleb.
Makhleb was most pleased with you.
You visited 1 branch of the dungeon, and saw 7 of its levels.
You also visited: Sewer.

You collected 289 gold pieces.

Inventory:

Armour
 a - a +0 scale mail
 b - a +0 buckler (worn)
 l - a +0 chain mail
 u - a +0 plate armour (worn)
 A - a +0 cloak of poison resistance (worn)
Jewellery
 h - an amulet of guardian spirit (around neck)
 m - a ring of resist corrosion (right claw)
 p - a ring of protection from cold (left claw)
Scrolls
 d - 2 scrolls of identify
 f - a scroll of enchant armour {unknown}
 g - a scroll of magic mapping {unknown}
 i - a scroll of amnesia {unknown}
 k - 4 scrolls of enchant weapon
 r - 3 scrolls of fog
 v - a scroll of teleportation
 w - a scroll of summoning {unknown}
 y - a scroll of brand weapon {unknown}
 z - a scroll of immolation {unknown}
Potions
 c - 3 potions of might
 e - 2 potions of brilliance {unknown}
 j - 2 potions of lignification {unknown}
 n - 3 potions of mutation
 o - a potion of cancellation {unknown}
 q - 2 potions of berserk rage
 s - 4 potions of haste
 t - a potion of resistance {unknown}
 x - a potion of degeneration {unknown}


   Skills:
 * Level 10.3 Fighting
 + Level 6.3 Armour
 - Level 2.6 Shields
 + Level 7.2 Unarmed Combat


You had 8 spell levels left.
You didn't know any spells.
Your spell library contained the following spells:

 Spells                   Type           Power      Damage    Failure   Level
 Summon Forest            Summ/Tloc      0%         N/A       100%        5
 Summon Mana Viper        Hex/Summ       0%         N/A       100%        5
 Summon Cactus Giant      Summ           0%         N/A       100%        6


Dungeon Overview and Level Annotations

Branches:
Dungeon (7/15)             Temple (0/1) D:7           Sewer (visited)

Altars:
Kikubaaqudgha
Makhleb
Okawaru
Ru
Vehumet

Annotations:
D:6 Prince Ribbit


Innate Abilities, Weirdness & Mutations

You thrive by killing the living.
You are immune to poison.
You have sharp fingernails.
Your flesh is cold resistant. (rC+)
You are immune to negative energy. (rN+++)
You do not regenerate when monsters are visible.
You are immune to unholy pain and torment.


Message History

You miss the water moccasin.
The water moccasin bites you but does no damage.
You closely miss the water moccasin.
You feel yourself slow down. You block the water moccasin's attack.
You claw the water moccasin!
The water moccasin is heavily wounded.
The water moccasin bites you but does no damage.
You claw the water moccasin!
You kill the water moccasin!
Makhleb accepts your kill.
You feel better. You block the wight's attack.
You barely miss the orc priest.
The orc priest hits you but does no damage.
You block the wight's attack.
You scratch the orc priest but do no damage.
The orc priest hits you but does no damage.
You scratch the orc priest.
The orc priest is heavily wounded.
The wight hits you with a +3 war axe of freezing!
* * * LOW HITPOINT WARNING * * *
The wight freezes you.
* * * LOW HITPOINT WARNING * * *
You barely miss the orc priest.
The orc priest is heavily wounded.
The orc priest hits you with a +0 hand axe.
* * * LOW HITPOINT WARNING * * *
The wight hits you with a +3 war axe of freezing.
* * * LOW HITPOINT WARNING * * *
You scratch the orc priest.
The orc priest is severely wounded.
The orc priest hits you but does no damage.
The wight barely misses you.
You claw the orc priest!
You kill the orc priest!
Makhleb accepts your kill.
You feel better.
The orc priest invokes the aid of Beogh against you.
Beogh smites you!
You die...

# #.## # #..# ## # ##.#
.#### # #.# .... # #.# ..#
#.# #########..# ### ###.#
#zz...z....#
###.###..o######z######z..#
##......o5o§Yo##@# #...#
.)....#.#####z##)# #z..#
##...##.# #5oo#####z!.#
##....... ..#...z))...#
....###.## .#.S.#.###.###
###.# #.# #.##
##.###.#####. #(# #.# #
##......... #.# #.#
#o##.##..###.... ..
......o..# ..


You could see an orc warrior, 3 wights, an orc priest and an ufetubus.

Vanquished Creatures
  Menkaure (D:5)
  A water moccasin (D:7)
  An orc warrior (D:5)
  A sky beast (D:7)
  A necrophage (D:5)
  A centaur (D:5)
  3 ogres (D:5)
  3 phantoms (D:4)
  2 kobold brigands (Sewer)
  2 scorpions (D:5)
  A water moccasin zombie (D:5)
  A water moccasin skeleton (D:4)
  A wight (D:7)
  4 howler monkeys
  A bullfrog zombie (D:5)
  3 hounds
  A bullfrog skeleton (D:5)
  A jelly (D:6)
  An orc priest (D:7)
  Crazy Yiuf (D:6)
  A centaur skeleton (D:5)
  4 iguanas
  3 orc wizards
  2 hound skeletons
  A howler monkey skeleton (D:5)
  11 adders
  8 gnolls
  3 river rats (D:5)
  A shadow imp (D:5)
  3 ufetubi
  An adder skeleton (D:4)
  9 worms
  3 dart slugs
  25 orcs
  3 ball pythons
  11 bats
  6 endoplasms
  6 giant cockroaches
  8 goblins
  5 hobgoblins
  7 jackals
  3 quokkas
  A frilled lizard (D:2)
  21 kobolds
  14 rats
191 creatures vanquished.

Vanquished Creatures (others)
  2 plants
2 creatures vanquished.

Grand Total: 193 creatures vanquished

Notes
Turn   | Place    | Note
-------+----------+-------------------------------------------
     0 | D:1      | Rennog the Ghoul Fighter began the quest for the Orb.
     0 | D:1      | Reached XP level 1. HP: 19/19 MP: 0/0
   114 | D:1      | Reached XP level 2. HP: 21/26 MP: 1/1
   440 | D:1      | Found a faded altar of an unknown god.
   444 | D:1      | Became a worshipper of Ru the Awakened
   488 | D:1      | Reached XP level 3. HP: 33/33 MP: 2/2
   491 | D:1      | Reached skill level 4 in Fighting
  1028 | D:2      | Reached XP level 4. HP: 35/41 MP: 3/3
  2042 | D:3      | Found a radiant altar of Vehumet.
  2072 | D:3      | Reached skill level 5 in Fighting
  2072 | D:3      | Reached XP level 5. HP: 41/48 MP: 2/4
  2226 | D:3      | Found a sacrificial altar of Ru.
  2441 | D:3      | Found an ancient bone altar of Kikubaaqudgha.
  3061 | D:4      | Reached XP level 6. HP: 22/56 MP: 2/5
  3591 | D:4      | Reached skill level 6 in Fighting
  3754 | D:4      | Found a burning altar of Makhleb.
  3777 | D:4      | Reached XP level 7. HP: 58/64 MP: 3/6
  3782 | D:4      | Fell from the grace of Ru
  3782 | D:4      | Became a worshipper of Makhleb the Destroyer
  4432 | D:4      | Found an iron altar of Okawaru.
  4452 | D:4      | Reached skill level 7 in Fighting
  4493 | D:5      | Entered Level 5 of the Dungeon
  4539 | D:5      | You fall into a shaft and drop 1 floor!
  4539 | D:6      | Noticed Prince Ribbit
  4608 | D:5      | Reached * piety under Makhleb
  4677 | D:5      | Reached skill level 5 in Unarmed Combat
  4730 | D:5      | Found a glowing drain.
  4741 | Sewer    | Entered a sewer
  4785 | Sewer    | Reached XP level 8. HP: 62/73 MP: 7/7
  4924 | Sewer    | Reached ** piety under Makhleb
  5324 | D:5      | Noticed Menkaure
  5334 | D:5      | Killed Menkaure
  5335 | D:5      | Reached skill level 8 in Fighting
  5335 | D:5      | Reached skill level 5 in Armour
  5674 | D:5      | Reached skill level 9 in Fighting
  5822 | D:5      | Reached XP level 9. HP: 83/83 MP: 8/8
  6929 | D:6      | Reached *** piety under Makhleb
  7097 | D:6      | Reached skill level 10 in Fighting
  7209 | D:6      | Found a runed translucent door.
  7210 | D:6      | Noticed Crazy Yiuf
  7381 | D:6      | Killed Crazy Yiuf
  7451 | D:7      | Found a staircase to the Ecumenical Temple.
  7663 | D:7      | HP: 3/85 [wight (3)]
  7665 | D:7      | Killed from afar by an orc priest

Illustrated notes

Levels and vault maps discovered:
D:1:      lightli_arrival_noodles, layout_rooms,
          shapermc_ecumenical_altar_mp_ritualfount, minivault_11
D:2:      layout_basic
D:3:      layout_basic, mainiacjoe_overflow_paths,
          mainiacjoe_overflow_concentric_impassable,
          mainiacjoe_overflow_alcove_4, serial_bayou_pond_a, st_stairs_12
D:4:      layout_loops_corners, bloody_makhleb, okawaru_altar_gauntlet_db
D:5:      layout_loops_ring, lightli_sewer_entry_pipes, supply_closet_lemuel,
          minmay_misc_feat_square, minmay_misc_feat_hallway, minmay_pentangle,
          uniq_menkaure
D:6:      layout_loops_ring, uniq_prince_ribbit1, uniq_crazy_yiuf_cottage
D:7:      layout_loops_ring, temple_pool_b, minmay_misc_feat_columns,
          minmay_misc_feat_roman

Skill      XL: |  1  2  3  4  5  6  7  8  9 |
---------------+----------------------------+-----
Armour         | 3 4 5 6 |  6.3
Fighting       | 4 5 6 7 9 10 | 10.3
Unarmed Combat | 3 4 5 6 7 |  7.2
Shields        | |  2.6

Action                   |  1- 3 |  4- 6 |  7- 9 || total
-------------------------+-------+-------+-------++-------
Melee: Unarmed           |   116 |   213 |   563 ||   892
Invok: Reject Sacrifices |     1 |       |       ||     1
  Use: Scroll            |       |       |     5 ||     5
       Potion            |       |       |     3 ||     3
Armor: Scale mail        |    69 |     9 |       ||    78
       Chain mail        |       |    71 |   158 ||   229
       Plate armour      |       |       |   123 ||   123
Dodge: Dodged            |    71 |    53 |   190 ||   314
Block: Buckler           |    28 |    38 |    91 ||   157

Table legend: (Time is in decaauts)
 A = Elapsed time spent in this place.
 B = Non-inter-level travel time spent in this place.
 C = Inter-level travel time spent in this place.
 D = Time resting spent in this place.
 E = Time spent auto-exploring this place.
 F = Levels seen in this place.
 G = Mean time per level.
                   A        B        C        D        E       F      G
               +--------+--------+--------+--------+--------+-----+--------+
         Total |   7665 |   7455 |    210 |    247 |   5754 |   8 |  958.1 |
       Dungeon |   7198 |   6988 |    210 |    247 |   5457 |   7 | 1028.3 |
         Sewer |    467 |    467 |      0 |      0 |    297 |   1 |  467.0 |
               +--------+--------+--------+--------+--------+-----+--------+

Top non-repeatable levels by time:
     D:5: 1726 daAuts
     D:4: 1676 daAuts
     D:2: 989 daAuts
     D:1: 964 daAuts
     D:3: 850 daAuts
     D:6: 770 daAuts
   Sewer: 467 daAuts
     D:7: 219 daAuts
